General information
- name: BNet
- type: Ladder team game (AT/RT)
- host: Battle.net
- saver: ROD-IM-SORRY
map: FullScaleAssault
- players: 8
- length: 34:50
- speed: Fast
- version: 1.27 W3XP
- replay type: Public
» download(230 KB)
Players
team 1 (loser)

»
ChrisPBacon (
blue | 52 APM | 1243 actions | 23:50)
3 Mountain King
2 Storm Bolt
1 Thunder Clap
» actions
| Basic commands | 42 | |
| Build / train | 112 | |
| Enter build submenu | 36 | |
| Enter hero's abilities submenu | 3 | |
| Remove unit from queue | 1 | |
| Right click | 617 | |
| Select / deselect | 378 | |
| Use ability | 54 | |
1243 total
» units
| Peasant | 15 | |
| Footman | 9 | |
| Goblin Shredder | 1 | |
| Rifleman | 9 | |
| Flying Machine | 43 | |
| Blue Drake | 1 | |
78 total
» upgrades
| Gunpowder | 3 | |
| Armor | 1 | |
| Plating | 3 | |
| Masonry | 2 | |
| Flak Cannons | 1 | |
| Flying Machine Bombs | 1 | |
11 total
» buildings
| Altar of Kings | 1 | |
| Farm | 13 | |
| Barracks | 1 | |
| Scout Tower | 6 | |
| Lumber Mill | 1 | |
| Arcane Tower | 2 | |
| Arcane Vault | 1 | |
| Town Hall | 4 | |
| Guard Tower | 4 | |
| Keep | 1 | |
| Blacksmith | 1 | |
| Castle | 1 | |
| Workshop | 3 | |
39 total
» build order
00:13 Altar of Kings
00:16 Farm
00:23 Barracks
00:58 Farm
01:43 Scout Tower
01:47 Farm
02:26 Lumber Mill
02:37 Arcane Tower
02:55 Arcane Vault
03:38 Farm
05:02 Town Hall
05:05 Scout Tower
05:07 Scout Tower
05:08 Scout Tower
05:34 Guard Tower
05:35 Guard Tower
07:21 Arcane Tower
08:05 Keep
08:07 Blacksmith
08:47 Farm
09:30 Scout Tower
10:08 Guard Tower
10:10 Scout Tower
10:14 Farm
10:40 Castle
10:46 Workshop
10:49 Workshop
11:43 Workshop
11:48 Farm
11:49 Farm
11:51 Farm
11:52 Farm
12:25 Guard Tower
13:10 Farm
13:11 Farm
17:11 Town Hall
20:58 Town Hall
22:13 Town Hall
» items
| Scroll of Regeneration | 3 | |
| Boots of Speed | 1 | |
| Lesser Clarity Potion | 2 | |
| Scroll of Town Portal | 2 | |
| Staff of Teleportation | 1 | |
9 total
ROD-IM-SORRY (
teal | 60 APM | 2095 actions | 34:50)
6 Blood Mage
2 Banish
3 Flame Strike
1 Summon Phoenix
1 Mountain King
1 Storm Bolt
» actions
| Assign group hotkey | 35 | |
| Basic commands | 1 | |
| Build / train | 96 | |
| Enter build submenu | 15 | |
| Enter hero's abilities submenu | 7 | |
| Give item / drop item | 2 | |
| Right click | 857 | |
| Select / deselect | 237 | |
| Select group hotkey | 681 | |
| Use ability | 164 | |
2095 total
» units
| Peasant | 10 | |
| Sorceress | 27 | |
| Goblin Sapper | 14 | |
| Goblin Zeppelin | 1 | |
52 total
» upgrades
| Lumber Harvesting | 1 | |
| Sorceress Training | 2 | |
| Masonry | 2 | |
5 total
» buildings
| Altar of Kings | 1 | |
| Farm | 7 | |
| Arcane Vault | 1 | |
| Keep | 1 | |
| Scout Tower | 6 | |
| Arcane Tower | 2 | |
| Lumber Mill | 1 | |
| Arcane Sanctum | 1 | |
| Castle | 1 | |
| Guard Tower | 3 | |
24 total
» build order
00:06 Altar of Kings
00:22 Farm
01:46 Arcane Vault
02:20 Keep
02:32 Scout Tower
03:19 Arcane Tower
04:01 Lumber Mill
04:45 Farm
04:47 Farm
05:45 Arcane Sanctum
07:26 Farm
08:33 Castle
08:39 Farm
09:20 Farm
10:10 Farm
10:16 Scout Tower
10:17 Scout Tower
10:17 Scout Tower
10:18 Scout Tower
10:18 Scout Tower
10:49 Guard Tower
11:51 Guard Tower
» items
| Scroll of Regeneration | 3 | |
| Lesser Clarity Potion | 2 | |
| Potion of Mana | 4 | |
| Staff of Teleportation | 1 | |
| Potion of Invisibility | 6 | |
| Boots of Speed | 1 | |
| Potion of Lesser Invulnerability | 3 | |
| Scroll of Town Portal | 2 | |
| Scroll of Healing | 1 | |
23 total
iDontWanaTaIk2u (
pink | 70 APM | 2433 actions | 34:50)
5 Blademaster
3 Wind Walk
2 Critical Strike
5 Goblin Alchemist
3 Chemical Rage
2 Healing Spray
5 Tauren Chieftain
2 War Stomp
3 Endurance Aura
» actions
| Assign group hotkey | 144 | |
| Basic commands | 96 | |
| Build / train | 108 | |
| ESC pressed | 2 | |
| Enter build submenu | 14 | |
| Enter hero's abilities submenu | 15 | |
| Give item / drop item | 12 | |
| Remove unit from queue | 4 | |
| Right click | 690 | |
| Select / deselect | 262 | |
| Select group hotkey | 944 | |
| Use ability | 142 | |
2433 total
» units
| Peon | 10 | |
| Shaman | 11 | |
| Spirit Walker | 1 | |
| Troll Batrider | 26 | |
48 total
» upgrades
| Shaman Training | 2 | |
| Spirit Walker Training | 2 | |
| Liquid Fire | 1 | |
5 total
» buildings
| Orc Burrow | 8 | |
| Stronghold | 4 | |
| Altar of Storms | 1 | |
| Voodoo Lounge | 3 | |
| Fortress | 4 | |
| Spirit Lodge | 2 | |
| Beastiary | 3 | |
25 total
» build order
00:11 Orc Burrow
01:48 Stronghold
01:49 Stronghold
01:49 Stronghold
01:54 Altar of Storms
02:02 Orc Burrow
02:23 Orc Burrow
02:58 Voodoo Lounge
04:09 Fortress
04:10 Fortress
04:10 Fortress
04:56 Spirit Lodge
05:27 Voodoo Lounge
07:31 Spirit Lodge
09:15 Orc Burrow
09:16 Orc Burrow
09:16 Orc Burrow
09:18 Orc Burrow
12:15 Beastiary
12:34 Beastiary
13:49 Beastiary
21:00 Voodoo Lounge
27:43 Orc Burrow
» items
| Orb of Lightning | 3 | |
| Potion of Healing | 2 | |
| Boots of Speed | 1 | |
| Periapt of Vitality | 3 | |
| Circlet of Nobility | 6 | |
| Scroll of Town Portal | 2 | |
17 total
Guilly (
purple | 50 APM | 1759 actions | 34:50)
4 Pandaren Brewmaster
2 Breath of Fire
1 Drunken Brawler
1 Drunken Haze
2 Mountain King
1 Bash
1 Storm Bolt
» actions
| Assign group hotkey | 14 | |
| Build / train | 104 | |
| Enter build submenu | 28 | |
| Enter hero's abilities submenu | 6 | |
| Give item / drop item | 1 | |
| Right click | 1100 | |
| Select / deselect | 338 | |
| Select group hotkey | 95 | |
| Use ability | 73 | |
1759 total
» units
| Peasant | 14 | |
| Footman | 4 | |
| Rifleman | 5 | |
| Mortar Team | 3 | |
| Goblin Zeppelin | 1 | |
| Gryphon Rider | 7 | |
| Spell Breaker | 11 | |
| Knight | 5 | |
| Siege Engine | 4 | |
| Flying Machine | 7 | |
61 total
» upgrades
| Masonry | 2 | |
| Swords | 2 | |
| Plating | 3 | |
| Long Rifles | 1 | |
| Magic Sentry | 1 | |
| Armor | 2 | |
| Gunpowder | 2 | |
| Fragmentation Shards | 1 | |
| Storm Hammers | 1 | |
| Control Magic | 1 | |
| Lumber Harvesting | 2 | |
| Barrage | 1 | |
| Animal War Training | 1 | |
20 total
» buildings
| Farm | 22 | |
| Lumber Mill | 1 | |
| Scout Tower | 2 | |
| Altar of Kings | 2 | |
| Barracks | 1 | |
| Blacksmith | 1 | |
| Arcane Tower | 1 | |
| Keep | 1 | |
| Guard Tower | 1 | |
| Workshop | 2 | |
| Arcane Vault | 1 | |
| Gryphon Aviary | 1 | |
| Arcane Sanctum | 1 | |
| Town Hall | 2 | |
| Castle | 1 | |
40 total
» build order
00:12 Farm
00:17 Farm
00:18 Farm
00:36 Lumber Mill
00:46 Scout Tower
01:51 Altar of Kings
02:00 Barracks
02:05 Blacksmith
02:16 Arcane Tower
03:09 Scout Tower
03:14 Farm
03:21 Keep
04:04 Guard Tower
04:08 Farm
04:10 Farm
05:26 Farm
05:27 Farm
05:28 Farm
05:47 Workshop
06:58 Arcane Vault
07:03 Farm
08:58 Gryphon Aviary
09:11 Arcane Sanctum
09:26 Town Hall
09:47 Castle
16:06 Workshop
16:15 Farm
16:17 Farm
16:19 Farm
27:26 Farm
27:29 Farm
27:30 Farm
27:31 Farm
27:33 Altar of Kings
28:43 Town Hall
33:15 Farm
33:17 Farm
33:19 Farm
33:21 Farm
33:21 Farm
» items
| Scroll of Regeneration | 2 | |
| Potion of Healing | 1 | |
| Orb of Lightning | 1 | |
| Scroll of Speed | 1 | |
| Scroll of Town Portal | 2 | |
7 total
team 2 (winner)

»
Itazo2 (
red | 112 APM | 3907 actions | 34:50)
5 Priestess of the Moon
3 Trueshot Aura
2 Searing Arrows
5 Keeper of the Grove
2 Force of Nature
3 Entangling Roots
4 Blademaster
2 Wind Walk
2 Critical Strike
4 Tauren Chieftain
2 War Stomp
2 Endurance Aura
» actions
| Assign group hotkey | 702 | |
| Basic commands | 295 | |
| Build / train | 164 | |
| ESC pressed | 2 | |
| Enter build submenu | 72 | |
| Enter hero's abilities submenu | 18 | |
| Give item / drop item | 2 | |
| Right click | 1272 | |
| Select / deselect | 512 | |
| Select group hotkey | 698 | |
| Use ability | 170 | |
3907 total
» units
| Wisp | 29 | |
| Archer | 12 | |
| Peon | 1 | |
| Hippogryph | 22 | |
| Wind Rider | 13 | |
| Troll Witch Doctor | 2 | |
| Shaman | 7 | |
| Chimaera | 4 | |
90 total
» upgrades
| Improved Bows | 1 | |
| Hippogryph Taming | 1 | |
| Ultravision | 1 | |
| Armor | 2 | |
| Strength of the Moon | 3 | |
| Shaman Training | 2 | |
| Witch Doctor Training | 2 | |
| Marksmanship | 1 | |
| Strength of the Wild | 3 | |
| Envenomed Spears | 1 | |
| Ranged Weapons | 2 | |
| Reinforced Defenses | 1 | |
| Reinforced Hides | 1 | |
| Spiked Barricades | 1 | |
| Corrosive Breath | 1 | |
23 total
» buildings
| Moon Well | 15 | |
| Altar of Elders | 1 | |
| Ancient of War | 2 | |
| Tree of Ages | 1 | |
| Tree of Life | 4 | |
| Ancient of Wind | 2 | |
| Stronghold | 3 | |
| Watch Tower | 20 | |
| Hunter's Hall | 1 | |
| Spirit Lodge | 2 | |
| Tree of Eternity | 1 | |
| Beastiary | 2 | |
| Orc Burrow | 9 | |
| Ancient of Wonders | 1 | |
| Fortress | 1 | |
| Chimaera Roost | 2 | |
| Ancient Protector | 3 | |
| Great Hall | 1 | |
| War Mill | 1 | |
72 total
» build order
00:20 Moon Well
01:00 Altar of Elders
01:48 Moon Well
01:53 Ancient of War
02:00 Ancient of War
02:49 Moon Well
03:04 Tree of Ages
05:16 Tree of Life
05:53 Ancient of Wind
05:57 Ancient of Wind
06:18 Stronghold
06:18 Stronghold
06:22 Watch Tower
06:39 Hunter's Hall
07:00 Watch Tower
07:02 Watch Tower
07:38 Watch Tower
07:39 Watch Tower
08:08 Moon Well
08:41 Spirit Lodge
08:43 Spirit Lodge
08:47 Tree of Eternity
08:58 Beastiary
09:09 Beastiary
09:14 Moon Well
09:32 Moon Well
09:36 Moon Well
10:10 Orc Burrow
10:11 Orc Burrow
10:35 Moon Well
10:38 Ancient of Wonders
11:41 Fortress
13:44 Orc Burrow
13:47 Orc Burrow
13:49 Orc Burrow
13:50 Orc Burrow
22:21 Tree of Life
22:53 Tree of Life
24:35 Tree of Life
25:21 Chimaera Roost
25:24 Chimaera Roost
27:16 Ancient Protector
27:20 Ancient Protector
27:25 Ancient Protector
27:35 Great Hall
27:41 War Mill
29:36 Moon Well
29:38 Moon Well
30:23 Watch Tower
30:30 Watch Tower
30:34 Watch Tower
30:41 Orc Burrow
30:44 Orc Burrow
31:11 Moon Well
31:15 Moon Well
31:17 Moon Well
31:22 Moon Well
31:36 Watch Tower
31:39 Watch Tower
31:46 Watch Tower
32:23 Watch Tower
32:26 Watch Tower
32:27 Watch Tower
32:28 Watch Tower
32:31 Watch Tower
32:32 Watch Tower
32:34 Watch Tower
32:54 Watch Tower
32:56 Watch Tower
33:00 Moon Well
33:25 Orc Burrow
» items
| Scroll of Town Portal | 7 | |
| Moonstone | 1 | |
8 total

»
DJDode (
orange | 53 APM | 1830 actions | 34:50)
7 Warden
3 Shadow Strike
3 Fan of Knives
1 Blink
6 Pandaren Brewmaster
3 Breath of Fire
2 Drunken Brawler
1 Storm Earth and Fire
» actions
| Assign group hotkey | 71 | |
| Basic commands | 102 | |
| Build / train | 86 | |
| ESC pressed | 1 | |
| Enter build submenu | 18 | |
| Enter hero's abilities submenu | 13 | |
| Give item / drop item | 10 | |
| Remove unit from queue | 1 | |
| Right click | 497 | |
| Select / deselect | 313 | |
| Select group hotkey | 611 | |
| Use ability | 107 | |
1830 total
» units
| Wisp | 12 | |
| Archer | 18 | |
| Hippogryph | 14 | |
44 total
» upgrades
| Improved Bows | 1 | |
| Hippogryph Taming | 1 | |
| Strength of the Moon | 3 | |
| Moon Armor | 3 | |
| Marksmanship | 1 | |
| Well Spring | 1 | |
| Ultravision | 1 | |
| Druid of the Claw Training | 2 | |
13 total
» buildings
| Moon Well | 7 | |
| Altar of Elders | 1 | |
| Ancient of War | 1 | |
| Tree of Ages | 1 | |
| Ancient of Wind | 1 | |
| Hunter's Hall | 1 | |
| Tree of Eternity | 1 | |
| Tree of Life | 3 | |
| Ancient of Wonders | 1 | |
| Ancient of Lore | 2 | |
19 total
» build order
00:21 Moon Well
00:57 Altar of Elders
01:14 Ancient of War
01:46 Moon Well
01:50 Moon Well
02:54 Tree of Ages
03:46 Moon Well
05:20 Ancient of Wind
06:18 Moon Well
06:35 Hunter's Hall
07:19 Tree of Eternity
08:40 Tree of Life
11:07 Moon Well
13:49 Ancient of Wonders
14:24 Moon Well
17:26 Ancient of Lore
17:31 Ancient of Lore
24:29 Tree of Life
25:28 Tree of Life
» items
| Scroll of Town Portal | 3 | |
| Orb of Venom | 1 | |
| Dust of Appearance | 1 | |
| Potion of Lesser Invulnerability | 2 | |
| Scroll of Protection | 1 | |
| Scroll of Healing | 1 | |
| Staff of Preservation | 1 | |
| Staff of Teleportation | 1 | |
11 total
10years (
yellow | 55 APM | 1902 actions | 34:50)
5 Death Knight
3 Death Coil
2 Unholy Aura
4 Dreadlord
2 Sleep
2 Vampiric Aura
» actions
| Assign group hotkey | 28 | |
| Build / train | 109 | |
| Enter build submenu | 27 | |
| Enter hero's abilities submenu | 9 | |
| Give item / drop item | 5 | |
| Remove unit from queue | 1 | |
| Right click | 558 | |
| Select / deselect | 264 | |
| Select group hotkey | 836 | |
| Use ability | 65 | |
1902 total
» units
| Acolyte | 43 | |
| Ghoul | 6 | |
| Crypt Fiend | 8 | |
| Goblin Zeppelin | 1 | |
| Frost Wyrm | 2 | |
60 total
» upgrades
| Creature Attack | 2 | |
| Creature Carapace | 1 | |
| Web | 1 | |
| Freezing Breath | 1 | |
5 total
» buildings
| Crypt | 1 | |
| Graveyard | 1 | |
| Ziggurat | 14 | |
| Altar of Darkness | 1 | |
| Tomb of Relics | 1 | |
| Halls of the Dead | 3 | |
| Black Citadel | 4 | |
| Sacrificial Pit | 1 | |
| Spirit Tower | 2 | |
| Boneyard | 2 | |
| Nerubian Tower | 1 | |
31 total
» build order
00:07 Crypt
00:20 Graveyard
00:37 Ziggurat
00:59 Altar of Darkness
01:32 Ziggurat
01:57 Tomb of Relics
03:37 Halls of the Dead
03:37 Halls of the Dead
03:37 Halls of the Dead
04:08 Ziggurat
04:18 Ziggurat
07:00 Black Citadel
07:00 Black Citadel
07:01 Black Citadel
07:23 Sacrificial Pit
07:43 Ziggurat
07:44 Ziggurat
08:19 Ziggurat
08:21 Ziggurat
09:18 Spirit Tower
11:00 Boneyard
12:36 Boneyard
13:33 Ziggurat
14:58 Ziggurat
15:16 Ziggurat
15:19 Ziggurat
17:20 Nerubian Tower
18:21 Ziggurat
18:27 Ziggurat
» items
| Rod of Necromancy | 7 | |
| Potion of Healing | 2 | |
9 total
MotherOfDragon (
green | 30 APM | 164 actions | 05:26)
» actions
| Build / train | 18 | |
| Enter build submenu | 6 | |
| Right click | 111 | |
| Select / deselect | 21 | |
| Use ability | 8 | |
164 total
» units
» buildings
| War Mill | 1 | |
| Orc Burrow | 2 | |
| Altar of Storms | 1 | |
| Watch Tower | 2 | |
6 total
» build order
01:47 War Mill
01:53 Orc Burrow
01:57 Orc Burrow
02:04 Altar of Storms
04:52 Watch Tower
04:56 Watch Tower
Chat log
(00:14 / All) ROD-IM-SORRY: rod im apologize. its my fault
(00:15 / All) ROD-IM-SORRY: not yours
(00:18 / All) ROD-IM-SORRY: give me a second chance
(00:19 / All) iDontWanaTaIk2u:
(00:20 / All) iDontWanaTaIk2u:
(00:39 / All) ROD-IM-SORRY: we don't have to play wc3 together. we can just talk about fallout and elder scrolls
(00:41 / All) ROD-IM-SORRY: and games
(01:10 / All) ROD-IM-SORRY: just please give me a second chance. Ill buy you a steam gift card if you want it as reimbursement
(01:20 / All) iDontWanaTaIk2u:
(01:21 / All) iDontWanaTaIk2u:
(01:32 / All) ROD-IM-SORRY: okay ill stop guys. hopefully he sees the chat and unblocks me off steam
(01:36 / All) iDontWanaTaIk2u:
(01:37 / All) iDontWanaTaIk2u:
(02:06 / Allies) ChrisPBacon: inter loper
(02:11 / All) ROD-IM-SORRY: red mh?
(02:16 / Allies) ChrisPBacon: no
(02:21 / Allies) ChrisPBacon: i build mill there
(03:38 / Allies) ROD-IM-SORRY: expo here purp
(04:45 / Allies) ChrisPBacon: spare wood?
(05:29 / Allies) ChrisPBacon: u takin shreade?
(06:06 / Allies) ChrisPBacon: 100 wood for sheader?
(07:37 / Allies) ChrisPBacon: who needs gold
(07:40 / Allies) ChrisPBacon: i need wood
(07:41 / Allies) ChrisPBacon: lol
(10:43 / Allies) ROD-IM-SORRY: killed ten acos already
(14:34 / Allies) ROD-IM-SORRY: who need wood
(18:48 / All) ROD-IM-SORRY: its pretty annoying huh yellow
(19:02 / Allies) iDontWanaTaIk2u:
(21:29 / Allies) Guilly: MEET
(23:34 / Allies) ChrisPBacon: tp?
(23:39 / Allies) Guilly: OOO
(23:40 / Allies) Guilly: NOP
(23:42 / Allies) ChrisPBacon: game i guess
(24:41 / Allies) ROD-IM-SORRY: bats island expo
(24:49 / Allies) iDontWanaTaIk2u: tp now
(24:58 / All) ROD-IM-SORRY: not my base wow lawl
(25:48 / Allies) ROD-IM-SORRY: oj bse
(25:49 / Allies) ROD-IM-SORRY: gogo
(25:50 / Allies) ROD-IM-SORRY: base race
(26:03 / Allies) iDontWanaTaIk2u: NO TP?
(26:45 / Allies) ROD-IM-SORRY: HIDE SHIT LOL
(27:11 / All) ROD-IM-SORRY: this team didnt even bother hiding peons wtf
(27:24 / Allies) ROD-IM-SORRY: red base NOW
(28:00 / Allies) ROD-IM-SORRY: u guys can take them
(28:02 / Allies) ROD-IM-SORRY: if u tp togethe rlawl
(28:33 / Allies) ROD-IM-SORRY: towe rpurple island
(28:34 / Allies) ROD-IM-SORRY: goog
(28:35 / Allies) ROD-IM-SORRY: tower!
(29:25 / All) ROD-IM-SORRY: purple isnt even attempting to tower island lawl
(30:01 / Allies) iDontWanaTaIk2u: come purple
(30:30 / Allies) Guilly: TKS TEAL
(30:34 / All) ROD-IM-SORRY: lol
(31:22 / Allies) Guilly: PINK
(31:26 / Allies) Guilly: TOGHEDER
(32:19 / Allies) ROD-IM-SORRY: i got greens shit go to red lawl
(33:03 / Allies) Guilly: LEST GO